 Dungeon Crawl Stone Soup version 0.29-a0-817-g9904bce7a6 (webtiles) character file.

Game seed: 7217867430169897957

32166 frimble the Warrior (level 13, 0/127 HPs)
             Began as a Minotaur Monk on July 6, 2022.
             Was the Champion of Cheibriados.
             Slain by a 19-headed hydra (5 damage)
             ... on level 3 of the Lair of Beasts.
             The game lasted 00:14:16 (14994 turns).

frimble the Warrior (Minotaur Monk)                Turns: 14994, Time: 00:14:16

Health: 0/127      AC: 15    Str: 33    XL:     13   Next: 29%
Magic:  18/18      EV: 24    Int: 26    God:    Cheibriados [******]
Gold:   1338       SH:  0    Dex: 33    Spells: 12/12 levels left

rFire   + . .      SeeInvis .   a - +1 halberd (spect)
rCold   . . .      Faith    .   (shield currently unavailable)
rNeg    . . .      Spirit   .   n - +0 swamp dragon scales
rPois   +          Reflect  .   j - +2 hat
rElec   +          Harm     .   r - +1 cloak
rCorr   .          Rampage  .   (no gloves)
Will    +....                   D - +0 pair of boots "Qoif" {rElec Dex+6}
Stlth   +++.......              (no amulet)
HPRegen 0.31/turn               v - +4 ring of evasion
MPRegen 0.16/turn               (no ring)

@: very slow
A: horns 2, retaliatory headbutt, fire resistance 1, strong-willed 1
a: Renounce Religion, Bend Time, Temporal Distortion, Slouch, Step From Time


You were on level 3 of the Lair of Beasts.
You worshipped Cheibriados.
Cheibriados was exalted by your worship.
You visited 3 branches of the dungeon, and saw 15 of its levels.
You also visited: Ossuary.

You collected 1338 gold pieces.

Inventory:

Hand Weapons
 a - a +1 spectral halberd (weapon)
 b - a +0 vorpal spear
Missiles
 d - 3 throwing nets (quivered)
 y - 5 curare-tipped darts
Armour
 j - a +2 hat (worn)
 n - +0 swamp dragon scales (worn)
 r - a +1 cloak (worn)
 D - the +0 pair of boots "Qoif" (worn) {rElec Dex+6}
   (You found it on level 2 of the Dungeon)

   Dex:       It affects your dexterity (+6).
   rElec:     It insulates you from electricity.
Jewellery
 k - a ring of fire
 v - a +4 ring of evasion (left hand)
Wands
 f - a wand of paralysis (10)
 p - a wand of light (5)
 z - a wand of polymorph (1)
Scrolls
 g - 3 scrolls of brand weapon
 q - 4 scrolls of amnesia
 t - 6 scrolls of identify
 u - a scroll of magic mapping
 C - a scroll of fog
Potions
 c - 2 potions of ambrosia
 e - 2 potions of attraction
 h - 4 potions of flight
 i - 6 potions of curing
 l - 4 potions of mutation
 m - 3 potions of brilliance
 o - a potion of degeneration
 s - 3 potions of heal wounds
 x - a potion of lignification
 A - 3 potions of berserk rage
 E - 2 potions of might


   Skills:
 - Level 15.4 Fighting
 + Level 14.0 Polearms
 + Level 7.0 Throwing
 - Level 8.0 Armour
 - Level 8.0 Dodging
 - Level 2.3 Stealth
 + Level 8.3 Invocations
 + Level 5.9 Evocations


You had 12 spell levels left.
You didn't know any spells.
Your spell library contained the following spells:

 Spells                   Type           Power      Damage    Failure   Level
 Ensorcelled Hibernation  Hex/Ice        0%         N/A       26%         2
 Poisonous Vapours        Pois/Air       0%         N/A       26%         2
 Dazzling Flash           Conj/Hex       0%         N/A       45%         3
 Gell's Gravitas          Tloc           0%         N/A       45%         3
 Ignite Poison            Fire/Tmut/Pois 0%         N/A       45%         3
 Lesser Beckoning         Tloc           0%         N/A       45%         3
 Mephitic Cloud           Conj/Pois/Air  0%         N/A       45%         3
 Spider Form              Tmut/Pois      0%         N/A       45%         3
 Summon Guardian Golem    Hex/Summ       0%         N/A       45%         3
 Teleport Other           Tloc           0%         N/A       45%         3
 Anguish                  Hex/Necr       0%         N/A       86%         4
 Corpse Rot               Necr/Pois/Air  0%         N/A       86%         4
 Agony                    Necr           0%         N/A       99%         5
 Freezing Cloud           Conj/Ice/Air   0%         6-21      99%         5
 Silence                  Hex/Air        0%         N/A       99%         5
 Orb of Destruction       Conj           0%         9d5       100%        7
 Spellforged Servitor     Conj/Summ      0%         N/A       100%        7


Dungeon Overview and Level Annotations

Branches:
Dungeon (11/15)            Temple (1/1) D:7            Lair (3/6) D:10
  Snake (0/4) Lair:2          Orc (0/2) D:11        Ossuary (visited)
  Swamp: Lair:2-4    Shoals: Lair:2-4

Altars:
Ashenzari
Cheibriados
Dithmenos
Elyvilon
Fedhas
Gozag
Hepliaklqana
Kikubaaqudgha
Makhleb
Nemelex Xobeh
Okawaru
Qazlal
Ru
Sif Muna
Trog
Uskayaw
Vehumet
Wu Jian
Xom
Yredelemnul
Zin
The Shining One

Shops:
D:9 (   D:11 *


Innate Abilities, Weirdness & Mutations

You have a pair of horns on your head.
You reflexively headbutt those who attack you in melee.
Your flesh is heat resistant. (rF+)
You are strong-willed. (Will+)


Message History

You barely miss the 19-headed hydra.
The 19-headed hydra is heavily wounded.
Your +1 spectral halberd barely misses the 19-headed hydra.
The 19-headed hydra completely misses you.
The 19-headed hydra bites you!
The 19-headed hydra bites you but does no damage.
The 19-headed hydra misses you.
The 19-headed hydra completely misses you.
The 19-headed hydra bites you.
* * * LOW HITPOINT WARNING * * *
The 19-headed hydra misses you. x2; The 19-headed hydra bites you.
* * * LOW HITPOINT WARNING * * *
The 19-headed hydra barely misses you.
The 19-headed hydra completely misses you.
The 19-headed hydra bites you but does no damage. x2
The 19-headed hydra closely misses you.
The 19-headed hydra bites you but does no damage.
The 19-headed hydra bites you.
* * * LOW HITPOINT WARNING * * *
The 19-headed hydra bites you.
* * * LOW HITPOINT WARNING * * *
The 19-headed hydra bites you.
* * * LOW HITPOINT WARNING * * *
The 19-headed hydra bites you!
* * * LOW HITPOINT WARNING * * *
You chop one of the 19-headed hydra's heads off!
The 18-headed hydra grows two more!
You impale the 20-headed hydra!!
Your headbutt misses the 20-headed hydra.
The 20-headed hydra is almost dead.
Your +1 spectral halberd hits the 20-headed hydra!
Your +1 spectral halberd chops one of the 20-headed hydra's heads off!
The 19-headed hydra bites you but does no damage.
The 19-headed hydra bites you!
* * * LOW HITPOINT WARNING * * *
The 19-headed hydra barely misses you. The 19-headed hydra misses you. x2
The 19-headed hydra closely misses you. The 19-headed hydra bites you.
* * * LOW HITPOINT WARNING * * *
The 19-headed hydra bites you but does no damage.
The 19-headed hydra misses you. The 19-headed hydra bites you.
You die...

... ## #.....!.. #..
..
##.##..P#.....##....
#
##..#....^^.^.......#
...................#
....^.....^..^....##
#P.....^..^.^..)..##
#.D(....^.........†
#.@......^^........
#..........^......#
#.......^.......###
##..............##
#.....^.........#
#.........^.P...##
#...^............#
###.........######
###..###.##


You could see a 19-headed hydra and a friendly +1 spectral halberd (summoned).

Vanquished Creatures
  Erolcha (D:9)
  4 hydras
  A two-headed ogre (D:11)
  Erica (D:9)
  Nergalle (D:11)
  Amaemon (Lair:1)
  Pikel (D:7)
  A cyclops (D:11)
  A manticore (D:11)
  5 elephants (Lair:3)
  Joseph (D:7)
  2 black mambas (Lair:2)
  Maggie (D:7)
  6 cane toads
  An orange demon (Lair:1)
  A rime drake (Lair:1)
  9 komodo dragons
  An unseen horror (D:11)
  A troll (D:10)
  2 polar bears (Lair:1)
  16 blink frogs
  4 wyverns
  2 shadows (D:10)
  A vampire (D:11)
  5 basilisks
  22 yaks
  A steam dragon (D:8)
  2 vampire mosquitoes (D:11)
  2 acid dragons
  6 water moccasins
  2 ice beasts
  2 orc warriors (D:11)
  2 sky beasts
  2 black bears
  9 wolves
  4 centaurs
  4 ogres
  A lemure (D:7)
  4 phantoms
  A kobold brigand (D:9)
  14 bullfrogs
  A gnoll sergeant (D:8)
  4 scorpions
  9 wights
  12 killer bees
  5 howler monkeys
  A jelly (D:6)
  2 gnoll boudas (D:6)
  5 hounds
  2 orc priests
  11 iguanas
  2 orc wizards (D:4)
  8 mummies (Ossuary)
  13 gnolls
  3 adders
  A worm (D:3)
  3 dart slugs
  33 orcs
  2 endoplasms
  A giant cockroach (D:1)
  A gnoll zombie (Ossuary)
  7 goblins
  8 hobgoblins
  7 jackals
  3 quokkas (D:1)
  6 ball pythons
  7 bats
  7 frilled lizards
  A hobgoblin zombie (Ossuary)
  10 kobolds
  3 kobold zombies (Ossuary)
  3 orc zombies (Ossuary)
  3 rats
332 creatures vanquished.

Vanquished Creatures (others)
  11 fungi
  22 plants
33 creatures vanquished.

Grand Total: 365 creatures vanquished

Notes
Turn   | Place    | Note
-------+----------+-------------------------------------------
     0 | D:1      | frimble the Minotaur Monk began the quest for the Orb.
     0 | D:1      | Reached XP level 1. HP: 19/19 MP: 0/0
    39 | D:1      | Reached XP level 2. HP: 12/27 MP: 1/1
   518 | D:1      | Found a faded altar of an unknown god.
   532 | D:1      | Reached skill level 4 in Fighting
   856 | D:1      | Reached XP level 3. HP: 33/33 MP: 2/2
  1190 | D:2      | Identified the +0 pair of boots "Qoif" {rElec Dex+6}
  1483 | D:2      | Reached XP level 4. HP: 40/40 MP: 3/3
  2874 | D:4      | Reached skill level 1 in Armour
  2928 | D:4      | Reached XP level 5. HP: 41/47 MP: 4/4
  3093 | D:4      | Noticed an ogre
  3103 | D:4      | Reached skill level 5 in Fighting
  3103 | D:4      | Reached skill level 5 in Polearms
  3107 | D:4      | Killed an ogre
  3108 | D:4      | Reached XP level 6. HP: 52/56 MP: 5/5
  3390 | D:4      | Reached skill level 5 in Dodging
  3660 | D:5      | Entered Level 5 of the Dungeon
  3678 | D:5      | Reached XP level 7. HP: 60/62 MP: 6/6
  3702 | D:5      | Found a hide-covered altar of Uskayaw.
  3728 | D:5      | Reached skill level 6 in Fighting
  4260 | D:5      | Reached XP level 8. HP: 63/71 MP: 7/7
  4309 | D:5      | Reached skill level 5 in Armour
  4585 | D:5      | Found an opulent altar of Gozag.
  4980 | D:6      | Reached skill level 7 in Fighting
  5954 | D:7      | Noticed Pikel
  5977 | D:7      | Killed Pikel
  5978 | D:7      | Reached skill level 8 in Fighting
  5978 | D:7      | Reached XP level 9. HP: 59/81 MP: 8/8
  6164 | D:7      | Found a staircase to the Ecumenical Temple.
  6236 | D:7      | Found an ornate altar of the Wu Jian Council.
  6238 | D:7      | Found a broken altar of Ashenzari.
  6251 | D:7      | Noticed Joseph
  6277 | D:7      | Gained mutation: You are strong-willed. (Will+) [potion of
                  | mutation]
  6277 | D:7      | Gained mutation: Your flesh is heat resistant. (rF+)
                  | [potion of mutation]
  6280 | D:7      | Reached skill level 15 in Fighting
  6280 | D:7      | Reached XP level 10. HP: 32/106 MP: 9/9
  6285 | D:7      | Killed Joseph
  6721 | D:7      | Noticed Maggie
  6740 | D:7      | Killed Maggie
  7383 | D:8      | Found a sparkling altar of Nemelex Xobeh.
  7543 | D:8      | Found a sand-covered staircase.
  7550 | Ossuary  | Entered an ossuary
  8500 | Temple   | Entered the Ecumenical Temple
  8598 | Temple   | Became a worshipper of Cheibriados the Contemplative
  8598 | Temple   | Reached * piety under Cheibriados
  8598 | Temple   | Reached ** piety under Cheibriados
  8719 | D:9      | Found Wafonyrgh's Weapon Shop.
  8743 | D:9      | Noticed Erica
  8750 | D:9      | Killed Erica
  8751 | D:9      | Reached skill level 10 in Polearms
  8751 | D:9      | Reached XP level 11. HP: 105/113 MP: 10/10
  8790 | D:9      | Noticed Erolcha
  8799 | D:9      | Killed Erolcha
  8800 | D:9      | Reached skill level 1 in Invocations
  9123 | D:9      | Reached *** piety under Cheibriados
  9714 | D:10     | Entered Level 10 of the Dungeon
  9938 | D:10     | Found a staircase to the Lair.
 10152 | D:10     | Reached skill level 1 in Throwing
 10818 | D:11     | Found Mackekoc's General Store.
 10822 | D:11     | Noticed Nergalle
 10836 | D:11     | Killed Nergalle
 10837 | D:11     | Reached skill level 5 in Invocations
 11352 | D:11     | Reached **** piety under Cheibriados
 11398 | D:11     | Found a staircase to the Orcish Mines.
 11447 | D:11     | Reached skill level 1 in Evocations
 11592 | D:11     | Noticed a two-headed ogre
 11599 | D:11     | Killed a two-headed ogre
 12065 | Lair:1   | Entered Level 1 of the Lair of Beasts
 12073 | Lair:1   | Reached XP level 12. HP: 121/121 MP: 15/15
 12125 | Lair:1   | Reached ***** piety under Cheibriados
 12127 | Lair:1   | Noticed Amaemon
 12133 | Lair:1   | Killed Amaemon
 12937 | Lair:2   | Noticed a five-headed hydra
 12949 | Lair:2   | Killed a five-headed hydra
 12950 | Lair:2   | Reached skill level 5 in Throwing
 13410 | Lair:2   | Noticed a six-headed hydra
 13425 | Lair:2   | Killed an eight-headed hydra
 13943 | Lair:2   | Found a staircase to the Snake Pit.
 14312 | Lair:3   | Reached skill level 5 in Evocations
 14432 | Lair:3   | Reached XP level 13. HP: 127/127 MP: 17/17
 14492 | Lair:3   | Reached ****** piety under Cheibriados
 14994 | Lair:3   | HP: 5/127 [19-headed hydra (2)]
 14994 | Lair:3   | Slain by a 19-headed hydra

Illustrated notes

Levels and vault maps discovered:
D:1:      lightli_arrival_statue_moat, layout_rooms,
          shapermc_ecumenical_altar_totnotflames
D:2:      layout_loops_cross
D:3:      layout_basic
D:4:      layout_loops_ring
D:5:      layout_loops_ring, general_overflow_altar,
          mainiacjoe_overflow_six_doors_small
D:6:      layout_basic
D:7:      layout_loops_ring, chequers_temple_overflow_statue_of_worship,
          minmay_temple_entry_mini_moons, minmay_lizard_king, uniq_joseph,
          uniq_maggie, uniq_pikel
D:8:      layout_loops_corners, mainiacjoe_overflow_surrounded_room,
          nicolae_ossuary_entry_plus
D:9:      layout_gridville, serial_shops, nicolae_shop_stone, uniq_erica,
          uniq_erolcha
D:10:     layout_irregular_city, erik_lair_dragon
D:11:     layout_irregular_city, hiddenorc1_lemuel, serial_shops, shop,
          uniq_nergalle
Temple:   minmay_temple_bridge_d
Lair:1:   layout_loops_ring, uniq_amaemon
Lair:2:   layout_misc_corridors, dummy_snake_entry, grunt_megastairs_3
Lair:3:   layout_small_grid, shoals_dummy_entry,
          nicolae_lair_grove_arrangements, minmay_holes, grunt_megastairs_4

Skill      XL: |  1  2  3  4  5  6  7  8  9 10 11 12 13 |
---------------+----------------------------------------+-----
Polearms       | 4 5 6 8 10 12 13 14 | 14.0
Stealth        | 2 |  2.3
Fighting       | 4 5 6 8 15 | 15.4
Dodging        | 4 5 6 7 8 |  8.0
Armour         | 1 2 3 4 6 7 8 |  8.0
Invocations    | 5 7 8 |  8.3
Throwing       | 3 6 7 |  7.0
Evocations     | 2 5 |  5.9

Action                   |  1- 3 |  4- 6 |  7- 9 | 10-12 | 13-15 || total
-------------------------+-------+-------+-------+-------+-------++-------
Melee: Spear             |   112 |   140 |   266 |    68 |       ||   586
       Headbutt          |     8 |    26 |    59 |    85 |    17 ||   195
       Punch             |     1 |     1 |     5 |     2 |       ||     9
       Halberd           |       |       |       |   326 |    65 ||   391
Throw: Throwing net      |       |       |       |     2 |       ||     2
  Use: Scroll            |     2 |     3 |     4 |    13 |       ||    22
       Potion            |       |       |     5 |     6 |       ||    11
 Stab: Sleeping          |     2 |       |       |     3 |     2 ||     7
       Distracted        |       |       |       |     5 |       ||     5
       Held in net/web   |       |       |       |     2 |       ||     2
Armor: Robe              |     9 |       |       |       |       ||     9
       Scale mail        |     7 |    44 |    80 |    11 |       ||   142
       Swamp dragon scal |       |       |       |   108 |    27 ||   135
Dodge: Dodged            |    66 |    40 |   114 |   300 |   105 ||   625

Table legend: (Time is in decaauts)
 A = Elapsed time spent in this place.
 B = Non-inter-level travel time spent in this place.
 C = Inter-level travel time spent in this place.
 D = Time resting spent in this place.
 E = Time spent auto-exploring this place.
 F = Levels seen in this place.
 G = Mean time per level.
                   A        B        C        D        E       F      G
               +--------+--------+--------+--------+--------+-----+--------+
         Total |  17495 |  16163 |   1332 |    868 |  13262 |  16 | 1093.4 |
       Dungeon |  12959 |  11809 |   1150 |    373 |   9967 |  11 | 1178.1 |
        Temple |    206 |     65 |    141 |      0 |     59 |   1 |  206.0 |
          Lair |   4158 |   4118 |     40 |    495 |   3133 |   3 | 1386.0 |
       Ossuary |    170 |    170 |      0 |      0 |    103 |   1 |  170.0 |
               +--------+--------+--------+--------+--------+-----+--------+

Top non-repeatable levels by time:
  Lair:1: 2122 daAuts
    D:11: 1587 daAuts
     D:7: 1568 daAuts
     D:9: 1488 daAuts
    D:10: 1420 daAuts
     D:5: 1233 daAuts
  Lair:2: 1109 daAuts
     D:8: 1075 daAuts
     D:1: 1025 daAuts
     D:3: 974 daAuts
     D:6: 955 daAuts
     D:4: 931 daAuts
  Lair:3: 927 daAuts
     D:2: 700 daAuts
  Temple: 206 daAuts
